AoeStats
← El Professor

Arena

510382736Analyzed
1v1 RM · 1d ago on Sep 30, 2026· 43m 30s· 2 players
Game mode
Random Map
Map size
Tiny (2 player)
Population
200
Speed
Normal
Resources
Standard
Victory
Conquest
Starting age
Dark Age
Ending age
Imperial Age
RankedLock teamsTeams togetherTeam positionsShared explorationLock speedFull tech treeHidden civsTurbo modeCheats
Victory
Defeat
🇵🇱 Poles · Poland
917
+20
🇪🇸 Poles · Spain
945
-17
generalcyplus
10:30 Feudal Age
10:56 Double-Bit Axe
16:18 Castle Age
15:11 Horse Collar
17:10 Heavy Plow
17:22 Bow Saw
21:01 Wheelbarrow
23:24 Hand Cart
22:54 Loom
22:55 Town Watch
22:59 Loom
24:02 Gold Mining
27:31 Imperial Age
26:54 Szlachta Privileges
26:59 Husbandry
27:55 Bloodlines
29:17 Scale Barding Armor
29:04 Fletching
30:26 Cavalier
31:51 Conscription
32:40 Chain Barding Armor
32:30 Forging
32:16 Bodkin Arrow
32:22 Padded Archer Armor
33:08 Town Patrol
34:55 Iron Casting
34:16 Bodkin Arrow
34:22 Padded Archer Armor
34:54 Ballistics
34:03 Crossbowman
34:45 Heavy Mounted Crossbowman
36:47 Blast Furnace
35:42 Bodkin Arrow
40:45 Bracer
40:46 Padded Archer Armor
42:04 Chemistry
41:10 Siege Engineers
41:02 Murder Holes
41:19 Masonry
41:40 Thumb Ring
El Professor
8:04 Loom
11:29 Feudal Age
12:03 Loom
13:25 Double-Bit Axe
14:11 Stone Mining
16:30 Castle Age
14:39 Horse Collar
17:24 Bow Saw
17:16 Heavy Plow
17:55 Stone Shaft Mining
18:34 Gold Mining
26:04 Imperial Age
23:49 Squires
25:37 Wheelbarrow
24:59 Arson
25:44 Town Watch
26:54 Scale Mail Armor
27:40 Crop Rotation
27:35 Conscription
27:37 Pikeman
29:17 Chain Mail Armor
31:26 Plate Mail Armor
31:07 Forging
32:34 Fletching
32:58 Masonry
33:09 Ballistics
32:46 Murder Holes
35:09 Iron Casting
39:47 Hand Cart
41:44 Town Patrol
Connection lost

Rejoining the realm…

Still unreachable

The connection could not be restored.

Session expired

The server has moved on; the page needs a fresh start.